 Dungeon Sprint DCSS version 0.30.1-4-g462c640d31 (webtiles) character file.

Game seed: 4166316523656061024

25 Heoruswealwe the Trooper (level 3, -15/36 HPs)
             Began as a Hill Orc Fighter on Aug 24, 2023.
             Demolished by an ogre
             ... wielding a +0 giant spiked club
              (30 damage)
             ... in the Dungeon (Sprint I: "Red Sonja").
             The game lasted 00:00:28 (17 turns).

Heoruswealwe the Trooper (Hill Orc Fighter)           Turns: 17, Time: 00:00:29

Health: -15/36     AC: 12    Str: 18    XL:     3   Next: 4%
Magic:  3/3        EV: 17    Int: 10    God:
Gold:   0          SH:  0    Dex: 10    Spells: 2/2 levels left

rFire   . . .        a - melded +0 war axe
rCold   . . .        c - melded +0 buckler
rNeg    + + +        b - melded +0 scale mail
rPois   +            (helmet currently unavailable)
rElec   .            (cloak currently unavailable)
rCorr   .            (gloves currently unavailable)
SInv    .            (boots currently unavailable)
Will    .....        (no amulet)
Stlth   +            (no ring)
HPRegen 0.26/turn    (no ring)
MPRegen 0.08/turn

%: no teleportation
@: fungus-form (expiring)
A: melee confuse, terrified, no casting, tiny
a: no special abilities


You were in the Dungeon.
You were a sentient fungus.
You visited 1 branch

Inventory:

Hand Weapons
 a - a +0 war axe (melded)
Armour
 b - a +0 scale mail (melded)
 c - a +0 buckler (melded)
Wands
 k - a wand of polymorph (6)
Scrolls
 j - a scroll of blinking
Potions
 d - a potion of might
 e - a potion of curing
 f - a potion of heal wounds
 g - a potion of haste
 h - 2 potions of magic
 i - a potion of berserk rage


   Skills:
 + Level 5.2 Fighting
 + Level 3.4 Axes
 + Level 4.7 Armour
 + Level 0.1 Stealth
 + Level 4.6 Shields
 + Level 0.6 Unarmed Combat


You had 2 spell levels left.
You didn't know any spells.
Your spell library was empty.

Dungeon Overview and Level Annotations

Branches:
Dungeon (1/1)

Altars:


Message History

Ijyb misses you.
The +6 spectral club closely misses you.
A +6 spectral club comes into view.
You release spores at Ijyb.
Ijyb appears confused.
Ijyb is heavily wounded.
You release spores at the +6 spectral club.
Ijyb shares her spectral weapon's damage!
The +6 spectral club is lightly damaged.
The +6 spectral club disappears.
There is an open door, spattered with blood here.
You release spores at Ijyb.
Ijyb is severely wounded.
Ijyb barely misses you. The +6 spectral club hits you!
Ouch! That really hurt!
Ijyb hits herself with a +6 spectral club!
Ijyb is killed!
The +6 spectral club disappears.
Your Fighting skill gained 2 levels and is now at level 5!
Your Axes skill increases to level 3!
Your Armour skill increases to level 4!
Your Shields skill increases to level 4!
You have reached level 2!
You have reached level 3!
Your experience leads to an increase in your attributes!
Increase (S)trength, (I)ntelligence, or (D)exterity?
You feel clever. x2
Your transformation is almost over.
k - a wand of polymorph (6)
Things that are here:
a +6 spectral club; a +0 chain mail You open the door.
An ogre comes into view. It is wielding a +0 giant spiked club.
The ogre shouts!
You release spores at the ogre!
The ogre is moderately wounded.
The ogre barely misses you.
You release spores at the ogre!
The ogre appears confused.
The ogre is severely wounded.
The ogre hits you with a +0 giant spiked club!!
Ouch! That really hurt!
You die...

##########
#<.#.fO..#
#..').#..+
#..#### +#
#..# #..#
#..# #⌠⌠#
####


You could see an ogre (confused).

Vanquished Creatures
  Ijyb (D)
1 creature vanquished.

Notes
Turn   | Place    | Note
-------+----------+-------------------------------------------
     0 | D        | Heoruswealwe the Hill Orc Fighter began the quest for the
                  | Orb.
     0 | D        | Reached XP level 1. HP: 19/19 MP: 1/1
     1 | D        | Noticed Ijyb
    10 | D        | Killed Ijyb
    11 | D        | Reached skill level 5 in Fighting
    11 | D        | Reached XP level 2. HP: 11/29 MP: 2/2
    11 | D        | Reached XP level 3. HP: 14/36 MP: 3/3
    14 | D        | Noticed an ogre
    17 | D        | Demolished by an ogre

Illustrated notes

Levels and vault maps discovered:
D:        dungeon_sprint_1 [red_sonja_temple_1, red_sonja_temple_small_1]

Skill      XL: |  1 |
---------------+----+-----
Fighting       | 5 |  5.2
Axes           | 3 |  3.4
Armour         | 4 |  4.7
Shields        | 4 |  4.6
Stealth        | |  0.1
Unarmed Combat | |  0.6

Action                     || total
---------------------------++-------
  Melee: Unarmed           ||     8
   Stab: Confused          ||     1
  Dodge: Dodged            ||     4
